 Dungeon Crawl Stone Soup version 0.31.0-4-g52a2dc7128 (webtiles) character file.

Game seed: 16707199574029764719

3589 mtoz the Fighter (level 9, -6/82 HPs)
             Began as a Minotaur Fighter on Jan 22, 2024.
             Killed from afar by an acid dragon (21 damage)
             ... with a splash of acid
             ... on level 8 of the Dungeon.
             The game lasted 00:16:10 (6510 turns).

mtoz the Fighter (Minotaur Fighter)                 Turns: 6510, Time: 00:16:10

Health: -6/82      AC: 12    Str: 24    XL:     9   Next: 85%
Magic:  8/8        EV: 13    Int:  5    God:
Gold:   284        SH:  6    Dex: 11    Spells: 8/8 levels left

rFire   + . .        a - +1 war axe
rCold   . . .        c - +0 buckler
rNeg    . . .        u - +0 chain mail
rPois   .            (helmet restricted)
rElec   .            g - +0 cloak
rCorr   .            (no gloves)
SInv    .            (no boots)
Will    .....        t - amulet of the acrobat Stlth
                     h - ring of protection from fire
HPRegen 0.33/turn    k - +5 ring of evasion
MPRegen 0.11/turn

%: acrobat
@: mighty
A: horns 2, retaliatory headbutt
a: no special abilities


You were on level 8 of the Dungeon.
You visited 1 branch of the dungeon, and saw 8 of its levels.

You collected 284 gold pieces.

Inventory:

Hand Weapons
 a - a +1 war axe (weapon)
 I - the +7 mace "Killer Bee's Bane" {freeze, rElec rC- Will+ Dex+2}
   (You found it on level 7 of the Dungeon)

   Dex+2:     It affects your dexterity (+2).
   rC-:       It makes you vulnerable to cold.
   rElec:     It insulates you from electricity.
   Will+:     It increases your willpower.
 K - a +3 war axe
 L - a +3 flail
Missiles
 n - 132 stones (quivered)
 q - 4 curare-tipped darts
 E - 3 boomerangs
 J - 4 javelins
Armour
 c - a +0 buckler (worn)
 g - a +0 cloak (worn)
 u - a +0 chain mail (worn)
 D - a +0 plate armour
Jewellery
 b - a ring of ice
 h - a ring of protection from fire (left hand)
 k - a +5 ring of evasion (right hand)
 t - an amulet of the acrobat (around neck)
Talismans
 f - a flux talisman
Wands
 d - a wand of digging (4)
 p - a wand of polymorph (12)
 y - a wand of roots (20)
 z - a wand of charming (14)
 F - a wand of flame (34)
Scrolls
 e - 2 scrolls of revelation
 j - 2 scrolls of enchant weapon
 l - 2 scrolls of noise
 o - 3 scrolls of teleportation
 r - 2 scrolls of fog
 w - 2 scrolls of identify
 A - a scroll of blinking
 H - a scroll of immolation {unknown}
Potions
 i - a potion of enlightenment {unknown}
 m - a potion of brilliance {unknown}
 s - 3 potions of curing {unknown}
 v - 2 potions of haste {unknown}
 x - a potion of ambrosia {unknown}
 B - 3 potions of degeneration {unknown}
 C - 3 potions of heal wounds {unknown}


   Skills:
 + Level 8.7 Fighting
 + Level 8.1 Axes
 + Level 5.4 Throwing
 + Level 8.5 Armour
 + Level 8.6 Shields


You had 8 spell levels left.
You didn't know any spells.
Your spell library contained the following spells:

 Spells                   Type           Power      Damage    Failure   Level
 Apportation              Tloc           0%         N/A       96%         1
 Necrotise                Necr           0%         1d4       96%         1
 Blink                    Tloc           0%         N/A       99%         2
 Cigotuvi's Dreadful Rot  Necr/Alch/Air  0%         N/A       99%         2
 Jinxbite                 Hex            0%         N/A       99%         2
 Lesser Beckoning         Tloc           0%         N/A       99%         2
 Momentum Strike          Conj/Tloc      0%         3d8       99%         2
 Dazzling Flash           Conj/Hex       0%         N/A       100%        3
 Gell's Gravitas          Tloc           0%         N/A       100%        3
 Mephitic Cloud           Conj/Alch/Air  0%         N/A       100%        3
 Summon Ice Beast         Ice/Summ       0%         N/A       100%        3
 Teleport Other           Tloc           0%         N/A       100%        3
 Vampiric Draining        Necr           0%         2d6       100%        3
 Ignite Poison            Fire/Alch      0%         N/A       100%        4
 Martyr's Knell           Necr/Summ      0%         N/A       100%        4
 Alistair's Intoxication  Alch           0%         N/A       100%        5
 Curse of Agony           Necr           0%         N/A       100%        5
 Freezing Cloud           Conj/Ice/Air   0%         6-21      100%        5
 Silence                  Hex/Air        0%         N/A       100%        5
 Summon Mana Viper        Hex/Summ       0%         N/A       100%        5
 Dispersal                Tloc           0%         N/A       100%        6
 Monstrous Menagerie      Summ           0%         N/A       100%        7


Dungeon Overview and Level Annotations

Branches:
Dungeon (8/15)             Temple (0/1) D:6
   Lair: D:8-11

Altars:
Kikubaaqudgha
Makhleb
Trog

Shops:
D:6 :


Innate Abilities, Weirdness & Mutations

You have a pair of horns on your head.
You reflexively headbutt those who attack you in melee.


Message History

The yak is heavily wounded.
You barely miss the yak. The yak gores you but does no damage.
You block the orc warrior's attack. The yak gores you.
You slash the yak!
The yak is almost dead.
You hit the yak but do no damage. The yak gores you but does no damage.
The orc warrior barely misses you. The yak gores you but does no damage.
You closely miss the yak. You headbutt the yak.
The yak is almost dead.
You hit the yak.
The orc warrior hits you from afar with a +0 glaive.
The yak gores you!
You slash the yak!
You kill the yak!
You hit the yak. x2; The yak gores you.
The orc warrior hits you from afar with a +0 glaive!
* * * LOW HITPOINT WARNING * * *
The yak gores you.
* * * LOW HITPOINT WARNING * * *
Your Axes skill increases to level 8!
You hit the acid dragon. You headbutt the acid dragon!
The acid dragon is heavily wounded.
You hit the yak.
You kill the yak!
You completely miss the yak.
The orc warrior hits you from afar with a +0 glaive.
* * * LOW HITPOINT WARNING * * *
The acid dragon bites you but does no damage.
The acid dragon closely misses you. The yak closely misses you.
You furiously retaliate!
You headbutt the yak!
You feel very mighty all of a sudden.
The orc warrior hits you but does no damage.
The acid dragon closely misses you. The acid dragon barely misses you.
The yak barely misses you.
You hit the acid dragon.
The acid dragon is heavily wounded.
You barely miss the yak. The orc warrior completely misses you.
The acid dragon spits acid at you. The splash of acid hits you!!
You die...

##.## ###.# #..# ##
##.## #.(. ##.##
.... ##..## .....
#....### .....
##......## ......
##.........#
......###@........##
.......oYD#......##
.......oY##.....##
......)..##...###
......##.##.###
...... #.#### .....
..# #.... ..# ##..
..#


You could see 2 yaks, an orc warrior, an acid dragon (catching breath) and an
orc.

Vanquished Creatures
  Grinder (D:5)
  2 yaks (D:8)
  A steam dragon (D:6)
  Duvessa (D:5)
  An orc warrior (D:6)
  3 ice beasts
  2 sky beasts
  2 ogres (D:5)
  2 centaurs (D:5)
  3 bullfrogs (D:7)
  6 scorpions
  10 wights (D:7)
  Dowan (D:5)
  3 killer bees (D:7)
  5 hounds
  4 jellies
  4 orc priests
  2 iguanas
  2 sleepcaps
  Ijyb (D:5)
  2 orc wizards
  7 gnolls
  6 adders
  A white imp (D:6)
  A dart slug (D:2)
  A ribbon worm (D:2)
  17 orcs
  12 ball pythons
  2 bats (D:2)
  3 endoplasms
  4 giant cockroaches
  6 goblins
  2 hobgoblins (D:1)
  8 jackals
  8 kobolds
  3 quokkas
  3 frilled lizards (D:1)
  17 rats
159 creatures vanquished.

Notes
Turn   | Place    | Note
-------+----------+-------------------------------------------
     0 | D:1      | mtoz the Minotaur Fighter began the quest for the Orb.
     0 | D:1      | Reached XP level 1. HP: 19/19 MP: 0/0
   128 | D:1      | Reached XP level 2. HP: 26/27 MP: 1/1
   674 | D:1      | Reached XP level 3. HP: 29/33 MP: 2/2
  1276 | D:2      | Reached XP level 4. HP: 41/41 MP: 3/3
  1905 | D:3      | Reached XP level 5. HP: 42/47 MP: 4/4
  2570 | D:4      | Reached skill level 5 in Fighting
  2570 | D:4      | Reached skill level 5 in Shields
  2623 | D:4      | Reached skill level 5 in Armour
  2701 | D:4      | Found an ancient bone altar of Kikubaaqudgha.
  2718 | D:4      | Reached XP level 6. HP: 47/56 MP: 5/5
  3000 | D:5      | Entered Level 5 of the Dungeon
  3000 | D:5      | Noticed a sky beast
  3008 | D:5      | Killed a sky beast
  3174 | D:5      | Noticed Grinder
  3180 | D:5      | Reached skill level 1 in Throwing
  3180 | D:5      | Paralysed by Grinder for 4 turns
  3190 | D:5      | Killed Grinder
  3191 | D:5      | Reached skill level 5 in Axes
  3191 | D:5      | Reached XP level 7. HP: 21/62 MP: 6/6
  3587 | D:5      | Reached XP level 8. HP: 59/71 MP: 7/7
  3773 | D:5      | Noticed Dowan
  3775 | D:5      | Noticed Duvessa
  3776 | D:5      | Noticed Ijyb
  3780 | D:5      | Killed Duvessa
  3793 | D:5      | Killed Ijyb
  3802 | D:5      | Killed Dowan
  4336 | D:6      | Found a staircase to the Ecumenical Temple.
  4894 | D:6      | Found Gaban's Book Boutique.
  4917 | D:6      | Reached XP level 9. HP: 74/79 MP: 8/8
  5906 | D:7      | Reached skill level 5 in Throwing
  5940 | D:7      | Identified the +7 mace "Killer Bee's Bane" {freeze, rElec
                  | rC- Will+ Dex+2}
  5994 | D:7      | Found a bloodstained altar of Trog.
  6002 | D:7      | Found a burning altar of Makhleb.
  6510 | D:8      | Killed from afar by an acid dragon

Illustrated notes

Levels and vault maps discovered:
D:1:      dpeg_arrival_snail, layout_basic
D:2:      layout_loops_cross, minmay_rat_gold_closets
D:3:      layout_loops_ring
D:4:      layout_basic, nicolae_kikubaaqudgha_miasma_corner
D:5:      layout_basic, uniq_duvessa, uniq_ijyb, uniq_grinder
D:6:      layout_loops_corners, minmay_temple_entry_large_hall, serial_shops,
          nicolae_shop_just_a_little_nook
D:7:      layout_rooms, mainiacjoe_overflow_big_doors,
          nicolae_kite_square_tiling_tiny, hex_large, minmay_strange_pillars,
          hangedman_decor_opposing
D:8:      layout_cave_pods, special_room [special_room_orc]

Skill      XL: |  1  2  3  4  5  6  7  8  9 |
---------------+----------------------------+-----
Fighting       | 4 5 6 7 8 |  8.7
Shields        | 4 5 6 7 8 |  8.6
Armour         | 4 5 6 7 8 |  8.5
Axes           | 3 4 5 6 8 |  8.1
Throwing       | 1 2 4 5 |  5.4

Action                     |  1- 3 |  4- 6 |  7- 9 || total
---------------------------+-------+-------+-------++-------
  Melee: War axe           |    87 |   112 |   202 ||   401
         Headbutt          |    14 |    19 |    47 ||    80
    Use: Potion            |       |     1 |     1 ||     2
         Scroll            |       |       |     6 ||     6
 Armour: Scale mail        |    67 |    82 |    18 ||   167
         Chain mail        |       |       |   126 ||   126
  Dodge: Dodged            |    37 |    45 |   136 ||   218
  Block: Buckler           |    22 |    33 |    65 ||   120
